 Dungeon Crawl Stone Soup version 0.28-a0-779-g3d1f99b579 (webtiles) character file.

Game seed: 13904788127738459239

68 bande the Shield-Bearer (level 4, -4/29 HPs)
             Began as a Gargoyle Fighter on Nov 2, 2021.
             Slain by Sigmund (9 damage)
             ... on level 4 of the Dungeon.
             The game lasted 00:03:02 (1872 turns).

bande the Shield-Bearer (Gargoyle Fighter)          Turns: 1872, Time: 00:03:02

Health: -4/29      AC: 10    Str: 21    XL:     4   Next: 19%
Magic:  4/4        EV:  9    Int:  8    God:
Gold:   73         SH:  5    Dex:  9    Spells: 3/3 levels left

rFire   . . .      SeeInvis .   a - +0 war axe
rCold   . . .      Faith    .   c - +1 buckler
rNeg    + . .      Spirit   .   b - +0 scale mail
rPois   ∞          Reflect  .   (no helmet)
rElec   +          Harm     .   (no cloak)
rCorr   .          Rampage  .   (no gloves)
Will    .....                   (no boots)
Stlth   ..........              (no amulet)
HPRegen 0.09/turn               (no ring)
MPRegen 0.09/turn               (no ring)

@: no status effects
A: sickness immunity, AC +3, negative energy resistance 1, electricity
resistance, torment resistance 1, petrification resistance
a: no special abilities


You were on level 4 of the Dungeon.
You visited 1 branch of the dungeon, and saw 5 of its levels.

You collected 73 gold pieces.

Inventory:

Hand Weapons
 a - a +0 war axe (weapon)
 e - a +4 mace
Armour
 b - a +0 scale mail (worn)
 c - a +1 buckler (worn)
Jewellery
 h - a ring of ice
 j - a ring of magical power
Scrolls
 f - a scroll of magic mapping {unknown}
 l - 2 scrolls of identify {unknown}
Potions
 d - a potion of might
 g - a potion of curing


   Skills:
 + Level 3.9 Fighting
 + Level 2.5 Axes
 + Level 3.7 Armour
 + Level 3.9 Shields


You had 3 spell levels left.
You didn't know any spells.
Your spell library was empty.

Dungeon Overview and Level Annotations

Branches:
Dungeon (5/15)
 Temple: D:4-7

Altars:

Annotations:
D:4 Sigmund


Innate Abilities, Weirdness & Mutations

You are immune to sickness and miasma.
Your stone body is resilient. (AC +3)
You are immune to poison.
You resist negative energy. (rN+)
You are resistant to electric shocks. (rElec)
You are resistant to unholy torment.
You are immune to petrification.


Message History

You feel invigorated. The quokka skeleton barely misses you.
The centaur zombie barely misses you. The centaur zombie closely misses you.
Something hits you.
You feel less invigorated.
You feel less confused.
The centaur zombie hits you but does no damage.
The centaur zombie kicks you but does no damage.
The centaur zombie barely misses you. You block the centaur zombie's attack.
Something hits you but does no damage.
You see here a +0 flail.
Unknown command.
You slash the centaur zombie!
The centaur zombie is heavily damaged.
You barely miss something. You block the centaur zombie's attack.
The centaur zombie kicks you but does no damage.
The quokka skeleton bites you but does no damage.
Something hits you.
Unknown command.
You slash the centaur zombie!
The centaur zombie is almost destroyed.
You hit the quokka skeleton. You miss something.
The centaur zombie hits you but does no damage.
The centaur zombie misses you. The centaur zombie hits you.
* * * LOW HITPOINT WARNING * * *
The centaur zombie kicks you but does no damage.
The quokka skeleton bites you but does no damage.
You barely miss the centaur zombie.
The centaur zombie is almost destroyed.
You closely miss something. You hit the quokka skeleton.
You destroy the quokka skeleton!
The centaur zombie hits you but does no damage.
The centaur zombie kicks you but does no damage.
Something hits you.
* * * LOW HITPOINT WARNING * * *
The centaur zombie barely misses you. The centaur zombie kicks you.
* * * LOW HITPOINT WARNING * * *
You slash the centaur zombie!
You destroy the centaur zombie!
You closely miss something. Something hits you!
You die...

#..#.# #.!#.#
.#..#.# .#..#.# ##
.#....# .).#....###
#########.#......#
#....>....>.@{.####
#.##...#.###..<..$#
###.......$.##..#
###†....#..# .
#.....##.#
#........#
###...#..#
#...#...# #...# ..#


There were no monsters in sight!

Vanquished Creatures
  A centaur zombie (D:4)
  A gnoll (D:1)
  An adder (D:3)
  A dart slug (D:1)
  An orc (D:4)
  A giant cockroach (D:1)
  5 goblins
  8 hobgoblins
  A quokka (D:4)
  7 ball pythons
  5 bats
  7 frilled lizards (D:1)
  6 kobolds
  A quokka skeleton (D:4)
46 creatures vanquished.

Vanquished Creatures (others)
  A plant (D:1)
1 creature vanquished.

Grand Total: 47 creatures vanquished

Notes
Turn   | Place    | Note
-------+----------+-------------------------------------------
     0 | D:1      | bande the Gargoyle Fighter began the quest for the Orb.
     0 | D:1      | Reached XP level 1. HP: 14/14 MP: 1/1
   150 | D:1      | Reached XP level 2. HP: 19/19 MP: 2/2
   184 | D:1      | Found a faded altar of an unknown god.
   614 | D:1      | Reached XP level 3. HP: 24/24 MP: 3/3
  1770 | D:3      | Reached XP level 4. HP: 25/29 MP: 4/4
  1841 | D:3      | You fall into a shaft and drop 2 floors!
  1841 | D:5      | Entered Level 5 of the Dungeon
  1854 | D:4      | Noticed Sigmund
  1872 | D:4      | Slain by Sigmund

Illustrated notes

Levels and vault maps discovered:
D:1:      dpeg_arrival_chambers_temple_mockup, layout_rooms,
          shapermc_ecumenical_altar_acropolis, minmay_misc_feat_tower,
          chequers_jeans
D:2:      layout_loops_corners
D:3:      layout_rooms, serial_shops, nicolae_shop_crystal
D:4:      minmay_door_path, layout_rooms, pf_just_have_faith, minmay_pentangle,
          uniq_sigmund
D:5:      layout_loops_cross, minmay_temple_entry_statues_fountains,
          gammafunk_ghost_gnarly_gnolls

Skill      XL: |  1  2  3 |
---------------+----------+-----
Axes           | 2 |  2.5
Fighting       | |  3.9
Armour         | |  3.7
Shields        | |  3.9

Action                   |  1- 3 |  4- 6 || total
-------------------------+-------+-------++-------
Melee: War axe           |   124 |    10 ||   134
  Use: Scroll            |     3 |       ||     3
       Potion            |       |     4 ||     4
Armor: Scale mail        |    85 |    30 ||   115
Dodge: Dodged            |    57 |    19 ||    76
Block: Buckler           |    34 |     3 ||    37

Table legend: (Time is in decaauts)
 A = Elapsed time spent in this place.
 B = Non-inter-level travel time spent in this place.
 C = Inter-level travel time spent in this place.
 D = Time resting spent in this place.
 E = Time spent auto-exploring this place.
 F = Levels seen in this place.
 G = Mean time per level.
                   A        B        C        D        E       F      G
               +--------+--------+--------+--------+--------+-----+--------+
         Total |   1927 |   1869 |     58 |      0 |   1464 |   5 |  385.4 |
       Dungeon |   1927 |   1869 |     58 |      0 |   1464 |   5 |  385.4 |
               +--------+--------+--------+--------+--------+-----+--------+

Top non-repeatable levels by time:
     D:1: 1004 daAuts
     D:2: 796 daAuts
     D:3: 93 daAuts
     D:4: 26 daAuts
     D:5: 5 daAuts
